 Dungeon Crawl Stone Soup version 0.25.1-2-g60ff931df9 (webtiles) character file.

Game seed: 12674234701239002228

1142 DearestLeader the Chopper (level 8, -1/58 HPs)
             Began as a Demonspawn Gladiator on Oct 18, 2020.
             Was a Believer of Qazlal.
             Slain by a crocodile (2 damage)
             ... on level 8 of the Dungeon.
             The game lasted 00:09:42 (6051 turns).

DearestLeader the Chopper (Demonspawn Gladiator)    Turns: 6051, Time: 00:09:43

Health: -1/58      AC: 10    Str: 16    XL:     8   Next: 15%
Magic:  0/8        EV:  8    Int:  9    God:    Qazlal [**....]
Gold:   130        SH:  2    Dex: 16    Spells: 7/7 levels left

rFire    . . .     SeeInvis +   a - +0 war axe
rCold    . . .     Gourm    .   (no shield)
rNeg     . . .     Faith    .   k - +0 chain mail
rPois    .         Spirit   +   c - +0 helmet
rElec    .         Reflect  .   (no cloak)
rCorr    .         Harm     .   (no gloves)
MR       .....                  (no boots)
Stlth    ..........             o - amulet of guardian spirit
HPRegen  0.19/turn              p - ring of see invisible
MPRegen  0.11/turn              (no ring)

@: no status effects
A: hooves 2, demonic guardian 1
a: Upheaval, Renounce Religion


You were on level 8 of the Dungeon.
You worshipped Qazlal.
Qazlal was pleased with you.
You were not hungry.

You visited 2 branches of the dungeon, and saw 8 of its levels.
You also visited: Sewer.

You collected 227 gold pieces.
You spent 97 gold pieces at shops.

Inventory:

Hand Weapons
 a - a +0 war axe (weapon)
Missiles
 d - 3 throwing nets
 y - 20 poisoned darts (quivered)
Armour
 b - a +0 leather armour
 c - a +0 helmet (worn)
 k - a +0 chain mail (worn)
Jewellery
 o - an amulet of guardian spirit (around neck)
 p - a ring of see invisible (left hand)
 s - an uncursed amulet of regeneration {unknown}
Wands
 l - a wand of acid (5)
Scrolls
 e - a scroll of fog {unknown}
 h - 2 scrolls of immolation
 j - 2 scrolls of enchant armour
 m - a scroll of fear {unknown}
 n - 2 scrolls of remove curse
 q - a scroll of enchant weapon {unknown}
 r - 2 scrolls of identify
 v - a scroll of silence {unknown}
 A - a scroll of magic mapping
 B - a scroll of blinking
Potions
 g - 4 potions of brilliance {unknown}
 i - 2 potions of stabbing {unknown}
 t - a potion of degeneration {unknown}
 u - 3 potions of heal wounds
 w - 6 potions of curing
 x - 3 potions of flight {unknown}
 z - a potion of might {unknown}
Comestibles
 f - 5 rations
 C - 3 chunks of flesh


   Skills:
 - Level 3.1 Fighting
 * Level 7.4 Axes
 - Level 1.7 Throwing
 + Level 4.6 Armour
 - Level 3.0 Dodging


You had 7 spell levels left.
You didn't know any spells.
Your spell library was empty.

Dungeon Overview and Level Annotations

Branches:
Dungeon (8/15)             Temple (1/1) D:4           Sewer (visited)
   Lair: D:8-11

Altars:
Ashenzari
Dithmenos
Gozag
Hepliaklqana
Kikubaaqudgha
Qazlal
Uskayaw
Vehumet
The Shining One

Shops:
D:6 ?

Annotations:
D:4 1 runed translucent door, Cazemata's ghost, amateur DsBe
D:7 3 runed translucent doors, DearestLeader's ghost, novice DsGl


Innate Abilities, Weirdness & Mutations

You have hoof-like feet.
A weak demonic guardian rushes to your aid.


Message History

The crocodile is moderately wounded.
You block the crocodile's attack.
You hit the crocodile. Your kick misses the crocodile.
The crocodile is severely wounded.
The crocodile bites you!
You hit the crocodile but do no damage.
The crocodile is severely wounded.
The crocodile bites you!
* * * LOW HITPOINT WARNING * * *
You barely miss the crocodile.
The crocodile is severely wounded.
The crocodile barely misses you.
You hit the crocodile. Your kick misses the crocodile.
The crocodile is severely wounded.
The crocodile bites you!
* * * LOW HITPOINT WARNING * * *
You slash the crocodile!
The crocodile is almost dead.
The crocodile bites you.
You die... ###########. +...@t...... ############

You could see a crocodile.

Vanquished Creatures
  An ice beast (D:7)
  2 phantoms (D:6)
  A sky beast (D:7)
  A bullfrog (D:7)
  3 scorpions (D:7)
  A crimson imp (D:6)
  2 hounds (D:7)
  2 jellies (D:7)
  2 orc wizards
  A worker ant (D:2)
  Robin (D:3)
  3 gnolls (D:7)
  5 adders
  5 river rats (Sewer)
  2 dart slugs
  3 leopard geckos
  8 orcs
  3 bats
  5 giant cockroaches
  7 goblins
  6 hobgoblins
  5 jackals (D:2)
  2 quokkas
  7 ball pythons
  6 frilled lizards
  19 kobolds
  26 rats
129 creatures vanquished.

Vanquished Creatures (collateral kills)
  A water moccasin (D:6)
  A centaur (D:7)
  A bullfrog (D:7)
  A crimson imp (D:7)
  A gnoll (D:7)
  3 orcs (D:7)
  A ball python (D:7)
9 creatures vanquished.

Vanquished Creatures (others)
  2 withered plants (D:4)
2 creatures vanquished.

Grand Total: 140 creatures vanquished

Notes
Turn   | Place    | Note
-------+----------+-------------------------------------------
     0 | D:1      | DearestLeader the Demonspawn Gladiator began the quest for
                  | the Orb.
     0 | D:1      | Reached XP level 1. HP: 16/16 MP: 1/1
   211 | D:1      | Gained mutation: You have large cloven feet. [demonic
                  | ancestry]
   211 | D:1      | Reached XP level 2. HP: 20/22 MP: 2/2
  1164 | D:2      | Reached skill level 3 in Axes
  1164 | D:2      | Reached skill level 1 in Armour
  1164 | D:2      | Gained mutation: A weak demonic guardian rushes to your
                  | aid. [demonic ancestry]
  1164 | D:2      | Reached XP level 3. HP: 4/28 MP: 3/3
  2045 | D:3      | Gained mutation: You have hoof-like feet. [demonic
                  | ancestry]
  2045 | D:3      | Reached XP level 4. HP: 32/34 MP: 4/4
  2265 | D:3      | HP: 1/34 [orc/+0 flail (3)]
  2716 | D:3      | Noticed Robin
  2724 | D:3      | Killed Robin
  2742 | D:3      | Reached XP level 5. HP: 31/41 MP: 5/5
  2750 | D:3      | Found a glowing golden altar of the Shining One.
  3326 | D:4      | Found a runed translucent door.
  3327 | D:4      | Noticed Cazemata's ghost (amateur DsBe)
  3389 | D:4      | Found a staircase to the Ecumenical Temple.
  3447 | Temple   | Entered the Ecumenical Temple
  3465 | Temple   | Became a worshipper of Qazlal Stormbringer
  3665 | D:4      | You fall into a shaft and drop 3 floors!
  3675 | D:7      | Found a runed translucent gate.
  3675 | D:7      | Found a runed translucent gate.
  3675 | D:7      | Found a runed translucent gate.
  3675 | D:7      | Noticed DearestLeader's ghost (novice DsGl)
  3677 | D:7      | Noticed a sky beast
  3683 | D:7      | Killed a sky beast
  3683 | D:7      | Reached skill level 4 in Axes
  3698 | D:7      | Noticed a centaur
  3712 | D:7      | Killed a centaur
  3712 | D:7      | Reached XP level 6. HP: 11/47 MP: 1/6
  3774 | D:6      | Noticed a water moccasin
  3886 | D:6      | Found a glowing drain.
  3903 | Sewer    | Entered a sewer
  4131 | Sewer    | Reached skill level 5 in Axes
  4136 | Sewer    | Reached * piety under Qazlal
  4762 | D:6      | Found a hide-covered altar of Uskayaw.
  4762 | D:6      | Noticed a +0 dagger
  4762 | D:6      | Noticed a +0 hand axe
  4838 | D:6      | Found Fymor's Magic Scroll Emporium.
  4865 | D:6      | Bought a scroll of blinking for 97 gold pieces
  4962 | D:6      | Found a faded altar of an unknown god.
  4962 | D:6      | Found a radiant altar of Vehumet.
  4967 | D:6      | Found an opulent altar of Gozag.
  4969 | D:6      | Found a shadowy altar of Dithmenos.
  4971 | D:6      | Found a faded altar of an unknown god.
  5002 | D:6      | Killed a water moccasin
  5002 | D:6      | Reached XP level 7. HP: 42/52 MP: 7/7
  5208 | D:6      | Reached skill level 6 in Axes
  5530 | D:6      | Reached ** piety under Qazlal
  5594 | D:7      | Noticed a troll
  5926 | D:7      | Reached skill level 7 in Axes
  5957 | D:7      | Reached XP level 8. HP: 54/58 MP: 8/8
  6050 | D:8      | HP: 1/58 [crocodile (8)]
  6051 | D:8      | Slain by a crocodile

Illustrated notes

Levels and vault maps discovered:
D:1:      nicolae_arrival_memento_mori, layout_basic, minmay_misc_feat_ornament,
          kennysheep_pointless_box
D:2:      layout_rooms
D:3:      layout_basic, lemuel_coloured_pillars_altar, first_ration, uniq_robin
D:4:      gammafunk_cloud_chamber, layout_basic, minmay_temple_entry_steel_oval,
          gammafunk_ghost_grave
D:6:      layout_loops_ring, dancing_weapons_uskayaw,
          chequers_temple_overflow_minitemple, serial_shops, shop,
          cheibrodos_sewer_entry_drain
D:7:      layout_rooms, ebering_ghost_rock_garden, grunt_livestock
D:8:      minmay_imperfect_grid, layout_basic, lemuel_round_altar, serial_shops,
          shop, minmay_fractal_squares_5
Temple:   regret_index_temple_sphere_string

Skill      XL: |  1  2  3  4  5  6  7 |
---------------+----------------------+-----
Axes           | 3 4 5 7 |  7.4
Armour         | 1 2 3 4 |  4.6
Dodging        | 3 |  3.0
Fighting       | 3 |  3.1
Throwing       | |  1.7

Action                   |  1- 3 |  4- 6 |  7- 9 || total
-------------------------+-------+-------+-------++-------
Melee: War axe           |    93 |   172 |    96 ||   361
       Kick              |    12 |    41 |    30 ||    83
  Use: Potion            |     1 |       |     3 ||     4
       Scroll            |     4 |     1 |       ||     5
 Stab: Distracted        |       |       |     1 ||     1
  Eat: Chunk             |     3 |     9 |     1 ||    13
       Ration            |       |       |     1 ||     1
Armor: Leather armour    |    12 |       |       ||    12
       Chain mail        |    60 |   112 |    39 ||   211
Dodge: Dodged            |    61 |    85 |    39 ||   185
Block: Other             |       |     3 |     4 ||     7
